 Dungeon Crawl Stone Soup version 0.21-a0-82-gdb84782 (console) character file.

111 Mohan the Gusty (level 4, 0/24 HPs)
             Began as a Tengu Air Elementalist on June 24, 2017.
             Killed from afar by Natasha (6 damage)
             ... with a magic dart
             ... on level 2 of the Dungeon.
             The game lasted 00:09:58 (1793 turns).

Mohan the Gusty (Tengu Air Elementalist)            Turns: 1793, Time: 00:09:59

Health: 0/24       AC:  2    Str:  9    XL:     4   Next: 92%
Magic:  1/9        EV: 12    Int: 16    God:
Gold:   77         SH:  0    Dex: 14    Spells: 5/9 levels left

rFire    . . .     SeeInvis .   (no weapon)
rCold    . . .     Gourm    .   (no shield)
rNeg     . . .     Faith    .   a - +0 robe
rPois    .         Spirit   .   (helmet restricted)
rElec    .         Reflect  .   (no cloak)
rCorr    .         Harm     .   (no gloves)
MR       .....                  (boots unavailable)
Stlth    ++........             (no amulet)
HPRegen  0.08/turn              (no ring)
MPRegen  0.11/turn              (no ring)

@: hasted and slowed
A: beak, talons 3
a: no special abilities


You were on level 2 of the Dungeon.
You were hungry.

You visited 1 branch of the dungeon, and saw 2 of its levels.

You collected 77 gold pieces.

Inventory:

Hand Weapons
 h - a +1 dagger of electrocution
Armour
 a - a +0 robe (worn)
 g - a +0 buckler
Potions
 k - a potion of lignification
Books
 b - a book of Air

   Spells                             Type                      Level
   a - Shock                          Conjuration/Air              1
   b - Swiftness                      Charms/Air                   2
   c - Static Discharge               Conjuration/Air              3
   d - Airstrike                      Air                          4
   e - Lightning Bolt                 Conjuration/Air              5
Comestibles
 c - 2 bread rations
 j - 5 fruits


   Skills:
 + Level 0.2 Fighting
 - Level 2.1 Dodging
 - Level 2.0 Stealth
 + Level 0.7 Unarmed Combat
 + Level 3.0 Spellcasting
 + Level 2.8 Conjurations
 + Level 5.5 Air Magic


You had 5 spell levels left.
You knew the following spells:

 Your Spells              Type           Power        Failure   Level  Hunger
a - Shock                 Conj/Air       ###.         3%          1    #......
b - Static Discharge      Conj/Air       ###.....     10%         3    ###....


Dungeon Overview and Level Annotations

Branches:
Dungeon (2/15)

Altars:

Annotations:
D:2 Natasha


Innate Abilities, Weirdness & Mutations

You have a beak for a mouth.
You have claws for feet.


Message History

The worm is severely wounded.
Natasha barely misses you.
You barely miss the worm. Your kick misses the worm. You peck the worm.
The worm is severely wounded.
You hit the worm. You peck the worm, but do no damage.
The worm is almost dead.
Natasha casts a spell at you.
You feel yourself slow down. The worm bites you.
You completely miss the worm. You peck the worm, but do no damage.
The worm is severely wounded.
Natasha misses you.
You completely miss the worm. You peck the worm.
The worm is almost dead.
The worm barely misses you. Natasha claws you!
* * * LOW HITPOINT WARNING * * *
You hit the worm but do no damage. You claw the worm.
You kill the worm!
Natasha casts a spell at you. The magic dart hits you!
You die...

...........# ..!....
...........# ##.......
...........# #........
..........## #........
#...#....## #####....?...
.####..### #.w.†........
.).....## #.###........
#####...######.#.§........
######.....w.w.#§###......
..........######§# #####.
#######.#..## #@#
........#..)# #§h#
###.......#.# #§##
####..#.#.##§.#
#..#.#....###
##.......h..# #.##.....###
.#. #.##...### #...
#.##...# #.. #..#...###
##.# #...#...## ##..#


You could see Natasha.

Vanquished Creatures
  Natasha (twice) (D:2)
  A gnoll (D:1)
  An adder (D:2)
  An ooze (D:2)
  A worm (D:2)
  A dart slug (D:2)
  A leopard gecko (D:1)
  10 bats
  A giant cockroach (D:2)
  5 goblins
  5 hobgoblins
  A ball python (D:2)
  2 kobolds
  4 rats
36 creatures vanquished.

Notes
Turn   | Place    | Note
-------+----------+-------------------------------------------
     0 | D:1      | Mohan the Tengu Air Elementalist began the quest for the Orb.
     0 | D:1      | Reached XP level 1. HP: 10/10 MP: 4/4
   129 | D:1      | Reached XP level 2. HP: 15/15 MP: 4/6
   713 | D:1      | Reached XP level 3. HP: 14/19 MP: 0/7
  1028 | D:2      | Noticed Natasha
  1037 | D:2      | Killed Natasha
  1037 | D:2      | Reached skill level 5 in Air Magic
  1037 | D:2      | Reached XP level 4. HP: 16/24 MP: 1/9
  1194 | D:2      | Learned a level 3 spell: Static Discharge
  1345 | D:2      | Noticed Natasha
  1383 | D:2      | Killed Natasha
  1641 | D:2      | Noticed Natasha
  1793 | D:2      | Killed from afar by Natasha

Vault maps used:
D:1:      tarquinn_simple_flora_water_f
D:2:      old_standard_altar, st_stairs_4, uniq_natasha

Skill      XL: |  1  2  3  4 |
---------------+-------------+-----
Conjurations   | 2 |  2.8
Air Magic      | 5 |  5.5
Spellcasting   | 3 |  3.0
Fighting       | |  0.2
Dodging        | |  2.1
Stealth        | |  2.0
Unarmed Combat | |  0.7

Action                   |  1- 3 |  4- 6 || total
-------------------------+-------+-------++-------
Melee: Unarmed           |     4 |    17 ||    21
       Kick              |     2 |     1 ||     3
       Peck              |       |     4 ||     4
 Cast: Shock             |    49 |    46 ||    95
       Static Discharge  |       |     3 ||     3
  Use: Scroll            |     1 |     1 ||     2
       Potion            |       |     7 ||     7
  Eat: Chunk             |     1 |     2 ||     3
Armor: Robe              |     1 |     3 ||     4
       Skin              |       |     8 ||     8
Dodge: Dodged            |     8 |    14 ||    22
